 Dungeon Crawl Stone Soup version 0.27.1-33-g824d729ab1 (webtiles) character file.

Game seed: 12887211942541811164

2265 H0rd4k the Poker (level 9, -3/68 HPs)
             Began as a Human Artificer on Dec 22, 2021.
             Was an Initiate of Gozag.
             Succumbed to a water moccasin's poison
             ... on level 9 of the Dungeon.
             The game lasted 00:17:47 (11141 turns).

H0rd4k the Poker (Human Artificer)                 Turns: 11141, Time: 00:17:48

Health: -3/68      AC:  4    Str: 14    XL:     9   Next: 65%
Magic:  15/15      EV: 14    Int: 19    God:    Gozag
Gold:   550        SH:  0    Dex: 14    Spells: 13/16 levels left

rFire    + . .     SeeInvis .   o - +0 spear (freeze)
rCold    + . .     Faith    .   (no shield)
rNeg     . . .     Spirit   .   r - +0 robe {Archmagi}
rPois    .         Reflect  .   z - +0 helmet
rElec    .         Harm     .   m - scarf {rC+ rF+}
rCorr    .         Rampage  .   s - +0 pair of gloves
Will     .....     Archmagi +   (no boots)
Stlth    +.........             (no amulet)
HPRegen  0.21/turn              G - +6 ring of intelligence
MPRegen  0.14/turn              (no ring)

@: confused, lethally poisoned (-3 -> -36), ambrosia-drunk, on berserk cooldown,
attractive
A: no striking features
a: Renounce Religion, Potion Petition, Call Merchant, Bribe Branch


You were on level 9 of the Dungeon.
You worshipped Gozag.
Gozag was pleased with you.
You visited 2 branches of the dungeon, and saw 10 of its levels.

You collected 598 gold pieces.
You paid 48 gold pieces to Gozag.

Inventory:

Hand Weapons
 a - a +0 club
 o - a +0 spear of freezing (weapon)
 t - a +2 dagger of speed
 x - a +0 dagger of protection
 B - a +2 dagger of protection
 E - a +4 falchion
Missiles
 j - 47 poisoned darts
Armour
 m - a scarf of resistance (worn)
 r - a +0 robe of the Archmagi (worn)
 s - a +0 pair of gloves (worn)
 z - a +0 helmet (worn)
Magical Staves
 l - a staff of cold
Jewellery
 G - a +6 ring of intelligence (left hand)
Wands
 c - a wand of flame (36) (quivered)
 f - a wand of digging (6)
 A - a wand of iceblast (2)
Scrolls
 b - a scroll of identify
 h - 4 scrolls of noise {unknown}
 i - 5 scrolls of blinking {unknown}
 k - 5 scrolls of teleportation {unknown}
 n - a scroll of enchant armour {unknown}
 v - 2 scrolls of amnesia {unknown}
 F - 2 scrolls of fog {unknown}
Potions
 g - 2 potions of berserk rage
 p - 3 potions of flight
 u - 4 potions of brilliance
 D - a potion of might
Miscellaneous
 e - a piece from Xom's chessboard (15/15)


   Skills:
 + Level 5.0 Fighting
 - Level 6.4 Polearms
 - Level 2.0 Armour
 + Level 5.4 Dodging
 - Level 1.0 Stealth
 * Level 4.1 Spellcasting
 * Level 1.4 Ice Magic
 + Level 5.7 Evocations


You had 13 spell levels left.
You knew the following spells:

 Your Spells              Type           Power      Damage    Failure   Level
a - Ozocubu's Armour      Ice            13%        N/A       22%         3

Your spell library contained the following spells:

 Spells                   Type           Power      Damage    Failure   Level
 Beastly Appendage        Tmut           10%        N/A       14%         1
 Blink                    Tloc           N/A        N/A       21%         2
 Corpse Rot               Necr/Air       N/A        N/A       21%         2
 Poisonous Vapours        Pois/Air       10%        N/A       21%         2
 Slow                     Hex            5%         N/A       21%         2
 Wereblood                Tmut           5%         N/A       21%         2
 Call Canine Familiar     Summ           5%         N/A       38%         3
 Confusing Touch          Hex            5%         N/A       38%         3
 Portal Projectile        Hex/Tloc       10%        N/A       38%         3
 Spider Form              Tmut/Pois      2%         N/A       38%         3
 Tukima's Dance           Hex            5%         N/A       38%         3
 Vampiric Draining        Necr           2%         2d6       38%         3
 Summon Ice Beast         Ice/Summ       9%         N/A       71%         4
 Leda's Liquefaction      Hex/Erth       2%         N/A       80%         4
 Passage of Golubria      Tloc           N/A        N/A       80%         4
 Freezing Cloud           Conj/Ice/Air   4%         6-21      97%         5
 Manifold Assault         Tloc           5%         N/A       98%         5
 Summon Mana Viper        Hex/Summ       5%         N/A       98%         5
 Yara's Violent Unravell  Hex/Tmut       2%         3d3       98%         5
 Monstrous Menagerie      Summ           2%         N/A       100%        7
 Ozocubu's Refrigeration  Ice            6%         4d6       100%        7
 Storm Form               Tmut/Air       2%         N/A       100%        7


Dungeon Overview and Level Annotations

Branches:
Dungeon (9/15)             Temple (1/1) D:7
   Lair: D:8-11         Orc: D:9-12

Altars:
Ashenzari
Cheibriados
Dithmenos
Elyvilon
Fedhas
Gozag
Hepliaklqana
Kikubaaqudgha
Makhleb
Nemelex Xobeh
Okawaru
Qazlal
Ru
Sif Muna
Trog
Uskayaw
Vehumet
Wu Jian
Zin
The Shining One

Shops:
D:3 :   D:4 (

Annotations:
D:5 exclusions: downstairs and upstairs
D:6 1 runed translucent door, exclusions: door and downstairs, Crazy Yiuf
D:9 exclusion: upstairs


Message History

The water moccasin misses you.
You miss the water moccasin.
The water moccasin is heavily wounded.
The water moccasin bites you but does no damage.
You hit the water moccasin but do no damage.
The water moccasin is heavily wounded.
The water moccasin bites you.
You are poisoned.
The water moccasin poisons you!
You closely miss the water moccasin.
The water moccasin is heavily wounded.
You feel very sick. The water moccasin bites you.
You hit the water moccasin. You freeze the water moccasin.
The water moccasin is severely wounded.
You feel sick. The water moccasin bites you.
* * * LOW HITPOINT WARNING * * *
You are lethally poisoned!
The water moccasin poisons you!
You closely miss the water moccasin.
The water moccasin is severely wounded.
* * * LOW HITPOINT WARNING * * *
You feel very sick. The water moccasin barely misses you.
It was a potion of attraction.
You feel attractive to monsters.
* * * LOW HITPOINT WARNING * * *
You feel very sick. The water moccasin bites you.
* * * LOW HITPOINT WARNING * * *
The water moccasin bites you.
* * * LOW HITPOINT WARNING * * *
You are more poisoned.
The water moccasin poisons you!
Unknown command.
It was a potion of ambrosia.
You are confused.
You feel invigorated.
You die...
Your body crumbles into a pile of gold.

..# #.......#..# ..#
..# #......<#..# ^..#
..# #.......#..#
...## ..#
#.......#..####.....
#.......#...........
#.......#....P.PPPPP
#.......#..#.P......
#..S....#..#SP.P...P
#.......#S.#@P.P._?P
#.......#..#.P.P...P
#..........#.P......
....##...#..#.P.PPPPP
.... #...#..#........
... #...#..#####....
## #...#..# ....
#...#..# ... #...#..#


You could see a water moccasin.

Vanquished Creatures
  Duvessa (D:7)
  A wyvern (D:9)
  A necrophage (D:5)
  An orc warrior (D:6)
  2 sky beasts
  2 ogres
  A kobold brigand (D:9)
  3 bullfrogs
  3 scorpions
  3 killer bees
  2 jellies
  5 crimson imps (D:8)
  A howler monkey (D:6)
  4 hounds
  A centaur skeleton (D:6)
  2 orc priests
  A bullfrog skeleton (D:4)
  An iguana (D:5)
  4 orc wizards
  2 killer bee zombies
  A hound zombie (D:5)
  2 hound skeletons
  A howler monkey skeleton (D:4)
  6 adders
  2 shadow imps
  An adder zombie (D:5)
  An adder skeleton (D:2)
  A worm (D:2)
  A dart slug (D:3)
  15 orcs
  4 endoplasms
  A giant cockroach (D:1)
  13 goblins
  3 hobgoblins
  2 jackals (D:3)
  8 kobolds
  2 quokkas
  9 ball pythons
  4 bats
  5 frilled lizards
  7 rats
130 creatures vanquished.

Vanquished Creatures (collateral kills)
  A killer bee (D:7)
  3 wights (D:7)
  An iguana (D:6)
  A worm (D:4)
  An orc (D:5)
  A quokka (D:4)
8 creatures vanquished.

Vanquished Creatures (others)
  A human (D:5)
  A scorpion (D:7)
  Dowan (D:7)
  A killer bee (D:7)
  A hobgoblin (D:4)
  2 fungi (D:1)
  2 plants (D:1)
9 creatures vanquished.

Grand Total: 147 creatures vanquished

Notes
Turn   | Place    | Note
-------+----------+-------------------------------------------
     0 | D:1      | H0rd4k the Human Artificer began the quest for the Orb.
     0 | D:1      | Reached XP level 1. HP: 15/15 MP: 1/1
   465 | D:1      | Reached XP level 2. HP: 21/21 MP: 2/2
   866 | D:1      | Found a faded altar of an unknown god.
  1349 | D:2      | Reached XP level 3. HP: 26/26 MP: 3/3
  1666 | D:2      | Reached XP level 4. HP: 15/32 MP: 4/4
  2955 | D:4      | Noticed a bullfrog
  3076 | D:5      | Entered Level 5 of the Dungeon
  3320 | D:5      | Reached XP level 5. HP: 20/38 MP: 5/5
  3427 | D:5      | Noticed an ogre
  3437 | D:5      | Killed an ogre
  3438 | D:5      | Reached skill level 1 in Polearms
  3438 | D:5      | Reached XP level 6. HP: 36/44 MP: 6/6
  4131 | D:4      | Paralysed by a goblin for 2 turns
  4359 | D:4      | HP: 1/46 [something (3)]
  4361 | D:4      | Reached skill level 2 in Polearms
  4361 | D:4      | Reached skill level 1 in Spellcasting
  4380 | D:4      | Reached XP level 7. HP: 5/51 MP: 8/8
  4728 | D:4      | Found a sparkling altar of Nemelex Xobeh.
  4777 | D:4      | Reached skill level 5 in Evocations
  4818 | D:4      | Found Enipn's Antique Weapon Emporium.
  5417 | D:3      | Found Xixoxuf's Book Emporium.
  5914 | D:4      | Found a shimmering blue altar of Sif Muna.
  6049 | D:5      | Found an ancient bone altar of Kikubaaqudgha.
  6050 | D:5      | Noticed a human
  6052 | D:5      | Killed a human
  6284 | D:5      | Reached skill level 3 in Polearms
  6836 | D:5      | Reached XP level 8. HP: 49/58 MP: 9/11
  6987 | D:5      | Reached skill level 4 in Polearms
  7187 | D:5      | Found a stormy altar of Qazlal.
  7187 | D:5      | Found an opulent altar of Gozag.
  7266 | D:5      | Became a worshipper of Gozag Ym Sagoz the Greedy
  7477 | D:6      | Found a runed translucent door.
  7478 | D:6      | Noticed Crazy Yiuf
  7519 | D:6      | Found a sacrificial altar of Ru.
  7946 | D:6      | Reached skill level 5 in Polearms
  8414 | D:6      | Reached XP level 9. HP: 23/66 MP: 13/13
  8848 | D:7      | Found a staircase to the Ecumenical Temple.
  8865 | D:7      | Noticed Dowan
  8866 | D:7      | Noticed Duvessa
  8876 | D:7      | Your ally died
  8899 | D:7      | Killed Duvessa
  8900 | D:7      | Reached skill level 6 in Polearms
  9146 | D:7      | Found a hazy altar of Hepliaklqana.
  9156 | Temple   | Entered the Ecumenical Temple
  9535 | Temple   | HP: 3/66 [killer bee (8)]
  9820 | D:7      | Found a shadowy altar of Dithmenos.
 10099 | D:7      | Reached skill level 5 in Dodging
 10414 | D:7      | Found a glowing silver altar of Zin.
 10485 | D:7      | Learned a level 3 spell: Ozocubu's Armour
 10504 | D:8      | Noticed a two-headed ogre
 10924 | D:9      | Reached skill level 1 in Ice Magic
 11105 | D:9      | Reached skill level 5 in Fighting
 11122 | D:9      | Found a radiant altar of Vehumet.
 11140 | D:9      | HP: 1/68 [water moccasin (5)]
 11141 | D:9      | Succumbed to a water moccasin's poison

Illustrated notes

Levels and vault maps discovered:
D:1:      dpeg_arrival_three_smaller_balls, layout_basic,
          dreamdust_ecumenical_altar_grove
D:2:      layout_rooms
D:3:      cheibrodos_old_hovel, layout_basic, serial_shops, shop_fountains
D:4:      layout_basic, nemelex_xobeh_ov_fountains_minmay,
          mainiacjoe_overflow_alcove_4, serial_shops,
          nicolae_inconvenience_store, grunt_decor_resistance
D:5:      layout_rooms, tgw_kikubaaqudgha, amethyst_overflow_temple_binary
D:6:      layout_loops_cross, mainiacjoe_overflow_tiny_flanked,
          minmay_stone_trees_small, minmay_misc_feat_roman,
          chequers_serial_rivers_room_b, uniq_crazy_yiuf_cottage
D:7:      layout_rooms, overflow_temple_1_default, zin_scriptorium,
          nicolae_dithmenos_the_darkroom, minmay_temple_entry_sparse_star,
          minmay_misc_feat_diagonals, uniq_duvessa
D:8:      layout_basic, lair_entry_dummy, minivault_26, minivault_26,
          minmay_nine_imps
D:9:      due_megacathedral, layout_long_grid, kennysheep_little_box,
          mainiacjoe_overflow_cross_hatched, serial_shops, nicolae_diamond_shop
Temple:   dpeg_chambers_temple

Skill      XL: |  1  2  3  4  5  6  7  8  9 |
---------------+----------------------------+-----
Evocations     | 4 5 |  5.7
Dodging        | 2 3 4 5 |  5.4
Fighting       | 2 3 4 5 |  5.0
Polearms       | 1 2 3 5 6 |  6.4
Spellcasting   | 1 2 3 4 |  4.1
Ice Magic      | 1 |  1.4
Armour         | |  2.0
Stealth        | |  1.0

Action                   |  1- 3 |  4- 6 |  7- 9 || total
-------------------------+-------+-------+-------++-------
Melee: Club              |   113 |    16 |       ||   129
       Spear             |       |   134 |   490 ||   624
Evoke: Wand              |     5 |    26 |    31 ||    62
  Use: Potion            |       |       |     7 ||     7
       Scroll            |       |       |     5 ||     5
 Stab: Sleeping          |     2 |       |     2 ||     4
       Paralysed         |       |       |    25 ||    25
       Distracted        |       |       |     1 ||     1
Armor: Leather armour    |    45 |    41 |    86 ||   172
       Robe              |       |       |    11 ||    11
Dodge: Dodged            |    82 |    78 |   281 ||   441
